 Dungeon Crawl Stone Soup version 0.23.2 (webtiles) character file.

Game seed: 17345125400314704118

449 floydpepper the Vandal (level 6, -2/56 HPs)
             Began as a Deep Dwarf Hunter on Mar 30, 2019.
             Was a Follower of Dithmenos.
             Slain by an ogre
             ... wielding a +0 giant spiked club
              (16 damage)
             ... on level 7 of the Dungeon on Apr 8, 2019.
             The game lasted 00:35:37 (3528 turns).

floydpepper the Vandal (Deep Dwarf Hunter)          Turns: 3528, Time: 00:35:38

Health: -2/56      AC:  6    Str: 15    XL:     6   Next: 74%
Magic:  6/6        EV: 12    Int: 13    God:    Dithmenos [*.....]
Gold:   170        SH:  0    Dex: 14    Spells: 5/5 levels left

rFire    . . .     SeeInvis .   a - +2 hunting sling
rCold    . . .     Gourm    .   (no shield)
rNeg     . . .     Faith    .   c - +0 leather armour
rPois    .         Spirit   .   (no helmet)
rElec    .         Reflect  .   (no cloak)
rCorr    .         Harm     .   p - +2 pair of gloves
MR       .....                  (no boots)
Stlth    ++........             (no amulet)
HPRegen  0.00/turn              (no ring)
MPRegen  0.10/turn              (no ring)

@: non-regenerating, wreathed by umbra
A: damage resistance, heal wounds, sense surroundings 1, no regeneration
a: Heal Wounds, Renounce Religion


You were on level 7 of the Dungeon.
You worshipped Dithmenos.
Dithmenos was aware of your devotion.
You were not hungry.

You visited 1 branch of the dungeon, and saw 6 of its levels.

You collected 170 gold pieces.

Inventory:

Hand Weapons
 a - a +2 hunting sling (weapon)
 b - a +0 short sword
 i - a +0 mace
 j - a +0 hunting sling
 m - a +0 dagger
 q - a +0 short sword
 s - a +0 dagger
 w - a +0 short sword
 B - a +0 mace
 E - a +0 dagger
 I - a +0 flail
 K - a +0 mace
 L - a +0 hunting sling
Missiles
 d - 27 sling bullets (quivered)
 n - 13 poisoned needles
 y - 23 arrows
 C - 68 stones
 D - 41 bolts
 H - 3 tomahawks
Armour
 c - a +0 leather armour (worn)
 k - a +0 robe
 l - a +0 robe
 p - a +2 pair of gloves (worn)
 t - a +0 buckler
 u - a +0 chain mail
 x - a +0 robe
 z - a +0 pair of gloves
 G - a +0 scale mail
Jewellery
 A - an uncursed ring of protection from magic {unknown}
Wands
 J - a wand of random effects (25)
Scrolls
 r - 2 scrolls of remove curse
Potions
 e - a potion of agility {unknown}
 g - a potion of curing {unknown}
 h - 3 potions of lignification {unknown}
 o - a potion of haste {unknown}
 v - a potion of magic
 F - a potion of cancellation {unknown}
Comestibles
 f - 4 rations


   Skills:
 + Level 3.0 Fighting
 + Level 7.7 Slings
 + Level 1.8 Armour
 + Level 2.6 Dodging
 + Level 2.4 Stealth


You had 5 spell levels left.
You didn't know any spells.
Your spell library was empty.

Dungeon Overview and Level Annotations

Branches:
Dungeon (7/15)             Temple (0/1) D:6

Altars:
Dithmenos
Ru


Innate Abilities, Weirdness & Mutations

You are resistant to damage.
You can heal yourself by infusing magical energy.
You passively map a small area around you.
You do not regenerate.


Message History

You shoot a sling bullet.
The sling bullet barely misses the ogre.
Firing (i - inventory. (/) - cycle)
d - 30 sling bullets (quivered)
Press: ? - help, Shift-Dir - straight line, f/p - ogre
Aim: an ogre, wielding a +0 giant spiked club (moderately wounded, umbra)
You shoot a sling bullet. The sling bullet hits the ogre.
The ogre is moderately wounded.
The ogre closely misses you.
Firing (i - inventory. (/) - cycle)
d - 29 sling bullets (quivered)
Press: ? - help, Shift-Dir - straight line, f/p - ogre
Aim: an ogre, wielding a +0 giant spiked club (moderately wounded, umbra)
You shoot a sling bullet.
The sling bullet barely misses the ogre.
Firing (i - inventory. (/) - cycle)
d - 28 sling bullets (quivered)
Press: ? - help, Shift-Dir - straight line, f/p - ogre
Aim: an ogre, wielding a +0 giant spiked club (moderately wounded, umbra)
You shoot a sling bullet. The sling bullet hits the ogre.
The ogre is heavily wounded.
The ogre hits you with a +0 giant spiked club!!
You die...

, ,, * ,, *
, ,, ,,
#####*, ,
,*#%%÷# , ,
#(°÷# , , ,
,, #%O.#* *
* , ##@# * ,
#.## * ** *
##.#** ##.##
#.÷.##.#
##.###.#
##########.#
#.# *
#..........#
#.# ,*
#.......####
#.#


You could see an ogre.

Vanquished Creatures
  A phantom (D:4)
  A crimson imp (D:7)
  A hound (D:4)
  An orc priest (D:3)
  An orc wizard (D:3)
  Ijyb (D:4)
  3 worker ants (D:7)
  A worker ant zombie (D:6)
  5 adders
  A shadow imp (D:4)
  2 oozes
  A worm (D:3)
  A dart slug (D:4)
  5 leopard geckos
  8 orcs
  2 giant cockroaches
  6 goblins
  4 hobgoblins
  2 jackals (D:2)
  4 bats
  6 frilled lizards
  2 kobolds (D:2)
  5 rats
64 creatures vanquished.

Notes
Turn   | Place    | Note
-------+----------+-------------------------------------------
     0 | D:1      | floydpepper the Deep Dwarf Hunter began the quest for the
                  | Orb.
     0 | D:1      | Reached XP level 1. HP: 19/19 MP: 1/1
    22 | D:1      | Upgraded the game from 0.23.1-41-g7e51ed32d8 to
                  | 0.23.1-44-gbd83930989
   206 | D:1      | Reached XP level 2. HP: 26/26 MP: 2/2
   685 | D:2      | Upgraded the game from 0.23.1-44-gbd83930989 to 0.23.2
   702 | D:2      | Reached skill level 5 in Slings
   706 | D:2      | Found a shadowy altar of Dithmenos.
   727 | D:2      | Became a worshipper of Dithmenos the Shadowed
   918 | D:2      | Reached XP level 3. HP: 24/32 MP: 3/3
  1793 | D:3      | Found a sacrificial altar of Ru.
  1814 | D:3      | Reached XP level 4. HP: 29/39 MP: 4/4
  1820 | D:3      | Reached skill level 6 in Slings
  1820 | D:3      | Reached skill level 1 in Armour
  2125 | D:3      | Reached XP level 5. HP: 33/46 MP: 5/5
  2154 | D:3      | Reached * piety under Dithmenos
  2589 | D:4      | Noticed a phantom
  2600 | D:4      | Killed a phantom
  2633 | D:4      | Noticed Ijyb
  2643 | D:4      | Killed Ijyb
  2643 | D:4      | Reached skill level 7 in Slings
  2643 | D:4      | Reached XP level 6. HP: 31/55 MP: 6/6
  2858 | D:4      | You fall through a shaft for 3 floors!
  3528 | D:7      | Slain by an ogre

Skill      XL: |  1  2  3  4  5  6 |
---------------+-------------------+-----
Slings         | 5 6 7 |  7.7
Fighting       | 2 3 |  3.0
Armour         | 1 |  1.8
Stealth        | 2 |  2.4
Dodging        | |  2.6

Action                   |  1- 3 |  4- 6 || total
-------------------------+-------+-------++-------
 Fire: Hunting sling     |    91 |   146 ||   237
 Abil: Heal Wounds       |     1 |       ||     1
  Use: Scroll            |     3 |     1 ||     4
  Eat: Ration            |     1 |     2 ||     3
Armor: Leather armour    |    11 |    16 ||    27
Dodge: Dodged            |    31 |    24 ||    55
